NYP
TRI-CITY DUST DEVILS @ BROOKLYN CYCLONES
08/12/2048
 
TOP OF THE 1ST
Tri-City Dust Devils batting - Pitching for Brooklyn Cyclones : LHP Brad Guffin
Pitching: LHP Brad Guffin
Batting: LHB Ramon Vega 0-0: Called Strike
0-1: Fly out, F7 (Line Drive, 7, EV 103.8 MPH)
Batting: LHB Phil Lerner 0-0: Ball
1-0: Swinging Strike
1-1: Ball
2-1: Ball
3-1: Called Strike
3-2: Foul Ball, location: 2F
3-2: Fly out, F8 (Flyball, 89M, EV 94.4 MPH)
Batting: RHB Eric McMillian 0-0: Ball
1-0: Fly out, F8 (Flyball, 8RM, EV 91.2 MPH)
Top of the 1st over - 0 runs, 0 hits, 0 errors, 0 left on base; Tri-City 0 - Brooklyn 0
BOTTOM OF THE 1ST
Brooklyn Cyclones batting - Pitching for Tri-City Dust Devils : RHP Nick Goodlow
Pitching: RHP Nick Goodlow
Batting: LHB Elmo Dreier 0-0: SINGLE (Groundball, 4M, EV 98.8 MPH) (infield hit)
Batting: RHB Jack Nickleberry 0-0: Called Strike
0-1: Ball
Elmo Dreier steals 2nd base
1-1: Foul Ball, location: 2F
1-2: Ball
2-2: Strikes out swinging
Batting: LHB Miguel Ramos 0-0: Ball
Elmo Dreier steals 3rd base (no throw)
1-0: Ball
2-0: Fly out, F7 (Flyball, 7LM, EV 105.0 MPH)
Runner from 3rd tags up, SCORES, throw by LF
Batting: RHB Frank Shaw 0-0: Ball
1-0: Ball
2-0: Swinging Strike
2-1: Called Strike
2-2: Ball
3-2: Strikes out swinging
Bottom of the 1st over - 1 run, 1 hit, 0 errors, 0 left on base; Tri-City 0 - Brooklyn 1
TOP OF THE 2ND
Tri-City Dust Devils batting - Pitching for Brooklyn Cyclones : LHP Brad Guffin
Batting: RHB Mike MacLeod 0-0: Swinging Strike
0-1: Ball
1-1: Fly out, F8 (Flyball, 89S, EV 70.6 MPH)
Batting: RHB Hector Fernandez 0-0: Called Strike
0-1: Ball
1-1: Ground out 3-1 (Groundball, 34, EV 103.8 MPH)
Batting: RHB Frank Elizondo 0-0: Ball
1-0: Called Strike
1-1: Ball
2-1: Ball
3-1: Base on Balls
Batting: RHB Max Stillo 0-0: Ball
1-0: Swinging Strike
1-1: Ball
2-1: Swinging Strike
2-2: Foul Ball, location: 2F
2-2: Strikes out swinging
Top of the 2nd over - 0 runs, 0 hits, 0 errors, 1 left on base; Tri-City 0 - Brooklyn 1
BOTTOM OF THE 2ND
Brooklyn Cyclones batting - Pitching for Tri-City Dust Devils : RHP Nick Goodlow
Batting: RHB Victor Reyes 0-0: Ground out 6-3 (Groundball, 6, EV 100.0 MPH)
Batting: SHB Ryan Brown 0-0: Ball
1-0: Foul Ball, location: 2F
1-1: Foul Ball, location: 2F
1-2: Ball
2-2: Foul Ball, location: 2F
2-2: Ground out U3 (Groundball, 34, EV 103.8 MPH)
Batting: RHB Roberto Delgado 0-0: Ball
1-0: Swinging Strike
1-1: Foul Ball, location: 2F
1-2: Strikes out swinging
Bottom of the 2nd over - 0 runs, 0 hits, 0 errors, 0 left on base; Tri-City 0 - Brooklyn 1
TOP OF THE 3RD
Tri-City Dust Devils batting - Pitching for Brooklyn Cyclones : LHP Brad Guffin
Batting: RHB Oren Jones 0-0: Ball
1-0: Ground out 3-1 (Groundball, 34S, EV 84.4 MPH)
Batting: RHB Shane Bruce 0-0: Ball
1-0: Ball
2-0: Foul Ball, location: 2F
2-1: Foul Ball, location: 2F
2-2: Foul Ball, location: 2F
2-2: Ball
3-2: Strikes out swinging
Batting: LHB Ramon Vega 0-0: Ball
1-0: Swinging Strike
1-1: Ball
2-1: Called Strike
2-2: Ball
3-2: SINGLE (Line Drive, 4M, EV 101.2 MPH)
Batting: LHB Phil Lerner 0-0: Called Strike
0-1: Foul Ball, location: 2F
0-2: Ball
1-2: Ground out 4-3 (Groundball, 4, EV 95.6 MPH)
Top of the 3rd over - 0 runs, 1 hit, 0 errors, 1 left on base; Tri-City 0 - Brooklyn 1
BOTTOM OF THE 3RD
Brooklyn Cyclones batting - Pitching for Tri-City Dust Devils : RHP Nick Goodlow
Batting: SHB Callum Lynch 0-0: Foul Ball, location: 2F
0-1: Foul Ball, location: 2F
0-2: Fly out, F7 (Flyball, 7, EV 90.0 MPH)
Batting: SHB Duri Chilemba 0-0: Called Strike
0-1: Ground out 5-3 (Groundball, 56S, EV 65.6 MPH)
Batting: LHB Elmo Dreier 0-0: Ball
1-0: SINGLE (Line Drive, 3L, EV 99.4 MPH)
Batting: RHB Jack Nickleberry 0-0: Called Strike
0-1: SINGLE (Groundball, 56S, EV 61.9 MPH) (infield hit)
Elmo Dreier to second
Batting: LHB Miguel Ramos 0-0: Ball
1-0: Ball
2-0: Foul Ball, location: 2F
2-1: Swinging Strike
2-2: Fly out, F8 (Flyball, 8LD, EV 78.8 MPH)
Bottom of the 3rd over - 0 runs, 2 hits, 0 errors, 2 left on base; Tri-City 0 - Brooklyn 1
TOP OF THE 4TH
Tri-City Dust Devils batting - Pitching for Brooklyn Cyclones : LHP Brad Guffin
Batting: RHB Eric McMillian 0-0: Ball
1-0: Foul Ball, location: 2F
1-1: TRIPLE (Line Drive, 89XD, EV 105.6 MPH)
Batting: RHB Mike MacLeod 0-0: Called Strike
0-1: Ball
1-1: Ball
2-1: Swinging Strike
2-2: Ball
3-2: DOUBLE (Groundball, 3L, EV 98.8 MPH)
Eric McMillian scores
Batting: RHB Hector Fernandez 0-0: Fly out, F8 (Flyball, 8LD, EV 106.2 MPH)
Batting: RHB Frank Elizondo 0-0: Ball
1-0: Ball
2-0: Foul Ball, location: 2F
2-1: Ball
3-1: Ground out 4-3 (Groundball, 4, EV 88.1 MPH)
Mike MacLeod to third
Batting: RHB Max Stillo 0-0: SINGLE (Groundball, 6MD, EV 98.8 MPH)
Mike MacLeod scores
Batting: RHB Oren Jones 0-0: Ball
1-0: Ball
2-0: Called Strike
2-1: Ball
3-1: SINGLE (Line Drive, 78S, EV 114.4 MPH)
Max Stillo to second
Runner from 2nd tries for 3rd, SAFE, throw by LF made to third
Batting: RHB Shane Bruce 0-0: Ball
1-0: Ball
2-0: Ball
3-0: Called Strike
3-1: Base on Balls
Oren Jones to second
Batting: LHB Ramon Vega 0-0: Swinging Strike
0-1: SINGLE (Groundball, 34S, EV 68.1 MPH) (infield hit)
Max Stillo scores
Oren Jones to third
Shane Bruce to second
Pitching: RHP Jean-Pierre Carpentier
Batting: LHB Phil Lerner 0-0: Ball
1-0: Foul Ball, location: 2F
1-1: Swinging Strike
1-2: Fielders Choice at 2nd, 5-4 (Groundball, 56, EV 88.8 MPH)
Top of the 4th over - 3 runs, 5 hits, 0 errors, 3 left on base; Tri-City 3 - Brooklyn 1
BOTTOM OF THE 4TH
Brooklyn Cyclones batting - Pitching for Tri-City Dust Devils : RHP Nick Goodlow
Batting: RHB Frank Shaw 0-0: Called Strike
0-1: Ball
1-1: Called Strike
1-2: Ball
2-2: Foul Ball, location: 2F
2-2: Ball
3-2: DOUBLE (Flyball, 9LD, EV 87.5 MPH)
Batting: RHB Victor Reyes 0-0: Ball
1-0: Ball
2-0: Ball
3-0: Called Strike
3-1: Foul Ball, location: 2F
3-2: Foul Ball, location: 2F
3-2: Ground out 1-3 (Groundball, 13, EV 69.4 MPH)
Frank Shaw to third
Batting: SHB Ryan Brown 0-0: Ball
1-0: Called Strike
1-1: Foul Ball, location: 2F
1-2: Strikes out swinging
Batting: RHB Roberto Delgado 0-0: Ball
1-0: Swinging Strike
1-1: SINGLE (Groundball, 56D, EV 96.9 MPH)
Frank Shaw scores
Batting: SHB Callum Lynch 0-0: Ball
1-0: Ground out 2-3 (Groundball, 2L, EV 66.2 MPH)
Bottom of the 4th over - 1 run, 2 hits, 0 errors, 1 left on base; Tri-City 3 - Brooklyn 2
TOP OF THE 5TH
Tri-City Dust Devils batting - Pitching for Brooklyn Cyclones : RHP Jean-Pierre Carpentier
Batting: RHB Eric McMillian 0-0: Called Strike
0-1: Ball
1-1: Ball
2-1: Called Strike
2-2: Foul Ball, location: 2F
2-2: Ball
3-2: Strikes out swinging
Batting: RHB Mike MacLeod 0-0: Ball
1-0: Ball
2-0: Foul Ball, location: 2F
2-1: Ball
3-1: Base on Balls
Batting: RHB Hector Fernandez 0-0: Ball
1-0: Ball
2-0: Swinging Strike
2-1: Swinging Strike
2-2: Foul Ball, location: 2F
2-2: Foul Ball, location: 2F
2-2: Foul Ball, location: 2F
2-2: Strikes out swinging
Batting: RHB Frank Elizondo 0-0: Called Strike
0-1: Called Strike
0-2: Ball
1-2: Strikes out swinging
Top of the 5th over - 0 runs, 0 hits, 0 errors, 1 left on base; Tri-City 3 - Brooklyn 2
BOTTOM OF THE 5TH
Brooklyn Cyclones batting - Pitching for Tri-City Dust Devils : RHP Nick Goodlow
Batting: SHB Duri Chilemba 0-0: Ball
1-0: Ground out 4-3 (Groundball, 4, EV 97.5 MPH)
Batting: LHB Elmo Dreier 0-0: Ball
1-0: Ball
2-0: Called Strike
2-1: Ball
3-1: Foul Ball, location: 2F
3-2: SINGLE (Groundball, 34D, EV 93.8 MPH)
Batting: RHB Jack Nickleberry 0-0: Ball
1-0: Called Strike
1-1: Ball
Elmo Dreier is caught stealing 2nd base 2-4
2-1: Ball
3-1: Swinging Strike
3-2: Base on Balls
Batting: LHB Miguel Ramos 0-0: Called Strike
0-1: Ball
1-1: Foul Ball, location: 2F
1-2: Strikes out swinging
Bottom of the 5th over - 0 runs, 1 hit, 0 errors, 1 left on base; Tri-City 3 - Brooklyn 2
TOP OF THE 6TH
Tri-City Dust Devils batting - Pitching for Brooklyn Cyclones : RHP Jean-Pierre Carpentier
Batting: RHB Max Stillo 0-0: Called Strike
0-1: Fly out, F7 (Flyball, 78M, EV 95.0 MPH)
Batting: RHB Oren Jones 0-0: Swinging Strike
0-1: Swinging Strike
0-2: Ball
1-2: Strikes out swinging
Batting: RHB Shane Bruce 0-0: Ball
1-0: Foul Ball, location: 2F
1-1: Swinging Strike
1-2: Foul Ball, location: 2F
1-2: Strikes out swinging
Top of the 6th over - 0 runs, 0 hits, 0 errors, 0 left on base; Tri-City 3 - Brooklyn 2
BOTTOM OF THE 6TH
Brooklyn Cyclones batting - Pitching for Tri-City Dust Devils : RHP Nick Goodlow
Batting: RHB Frank Shaw 0-0: Foul Ball, location: 2F
0-1: Ball
1-1: Swinging Strike
1-2: Foul Ball, location: 2F
1-2: Strikes out swinging
Batting: RHB Victor Reyes 0-0: Called Strike
0-1: Foul Ball, location: 2F
0-2: Ball
1-2: Ball
2-2: Foul Ball, location: 2F
2-2: Foul Ball, location: 2F
2-2: Fly out, F7 (Flyball, 7, EV 83.1 MPH)
Pitching: RHP Cal Abbott
Batting: SHB Ryan Brown 0-0: Ball
1-0: Ball
2-0: Foul Ball, location: 2F
2-1: Swinging Strike
2-2: Foul Ball, location: 2F
2-2: Ball
3-2: Strikes out swinging
Bottom of the 6th over - 0 runs, 0 hits, 0 errors, 0 left on base; Tri-City 3 - Brooklyn 2
TOP OF THE 7TH
Tri-City Dust Devils batting - Pitching for Brooklyn Cyclones : RHP Jean-Pierre Carpentier
Batting: LHB Ramon Vega 0-0: Called Strike
0-1: Ball
1-1: Ball
2-1: Ball
3-1: Base on Balls
Batting: LHB Phil Lerner 0-0: Called Strike
0-1: Ball
Wild Pitch!
Ramon Vega to second
1-1: Ball
2-1: Ball
3-1: Swinging Strike
3-2: Base on Balls
Batting: RHB Eric McMillian 0-0: Ball
Ramon Vega steals 3rd base
Phil Lerner to second
1-0: Called Strike
1-1: Ground out 5-3 (Groundball, 25, EV 83.8 MPH)
Batting: RHB Mike MacLeod 0-0: Ball
1-0: Ball
2-0: Called Strike
2-1: 3-RUN HOME RUN (Flyball, 78XD, EV 106.9 MPH), Distance : 416 ft
Pitching: RHP Rob Fennell
Batting: RHB Hector Fernandez 0-0: Ball
1-0: Foul Ball, location: 2F
1-1: Ball
2-1: Swinging Strike
2-2: Strikes out swinging
Batting: RHB Frank Elizondo 0-0: Ball
1-0: Called Strike
1-1: Fly out, F3 (Popup, 3SF, EV 82.5 MPH)
Top of the 7th over - 3 runs, 1 hit, 0 errors, 0 left on base; Tri-City 6 - Brooklyn 2
BOTTOM OF THE 7TH
Brooklyn Cyclones batting - Pitching for Tri-City Dust Devils : RHP Cal Abbott
Batting: RHB Roberto Delgado 0-0: Ball
1-0: Ball
2-0: Swinging Strike
2-1: Fly out, F7 (Flyball, 7D, EV 97.5 MPH)
Batting: SHB Callum Lynch 0-0: SINGLE (Groundball, 4MD, EV 109.4 MPH)
Batting: SHB Duri Chilemba 0-0: Ball
1-0: Fielders Choice at 2nd, 6-4 (Groundball, 6M, EV 90.0 MPH)
Batting: LHB Elmo Dreier 0-0: Ball
1-0: Fly out, F8 (Flyball, 8RM, EV 84.4 MPH)
Bottom of the 7th over - 0 runs, 1 hit, 0 errors, 1 left on base; Tri-City 6 - Brooklyn 2
TOP OF THE 8TH
Tri-City Dust Devils batting - Pitching for Brooklyn Cyclones : RHP Rob Fennell
Batting: RHB Max Stillo 0-0: Called Strike
0-1: Called Strike
0-2: Strikes out swinging
Batting: RHB Oren Jones 0-0: Ball
1-0: Ball
2-0: Fly out, F7 (Flyball, 7LD, EV 88.8 MPH)
Batting: RHB Shane Bruce 0-0: Called Strike
0-1: Ball
1-1: Called Strike
1-2: Strikes out swinging
Top of the 8th over - 0 runs, 0 hits, 0 errors, 0 left on base; Tri-City 6 - Brooklyn 2
BOTTOM OF THE 8TH
Brooklyn Cyclones batting - Pitching for Tri-City Dust Devils : RHP Cal Abbott
Batting: RHB Jack Nickleberry 0-0: Ball
1-0: Ball
2-0: Called Strike
2-1: Ground out 6-3 (Groundball, 6, EV 104.4 MPH)
Batting: LHB Miguel Ramos 0-0: Called Strike
0-1: Swinging Strike
0-2: Ball
1-2: Fly out, F8 (Flyball, 78M, EV 90.6 MPH)
Batting: RHB Frank Shaw 0-0: Foul Ball, location: 2F
0-1: Ball
1-1: Called Strike
1-2: Ground out 5-3 (Groundball, 56, EV 85.0 MPH)
Bottom of the 8th over - 0 runs, 0 hits, 0 errors, 0 left on base; Tri-City 6 - Brooklyn 2
TOP OF THE 9TH
Tri-City Dust Devils batting - Pitching for Brooklyn Cyclones : RHP Rob Fennell
Pitching: RHP Todd Cox
Batting: LHB Ramon Vega 0-0: Ball
1-0: Ball
2-0: DOUBLE (Line Drive, 89M, EV 105.0 MPH)
Batting: LHB Phil Lerner 0-0: Foul Ball, location: 2F
0-1: Ball
1-1: Ball
2-1: Ball
3-1: Swinging Strike
3-2: Base on Balls
Batting: RHB Eric McMillian 0-0: Ball
1-0: Called Strike
1-1: Fielders Choice at 2nd, 6-4 (Groundball, 6, EV 86.2 MPH)
Ramon Vega to third
Batting: RHB Mike MacLeod 0-0: Called Strike
0-1: Grounds into double play, 4-6-3 (Groundball, 34, EV 79.4 MPH)
Top of the 9th over - 0 runs, 1 hit, 0 errors, 1 left on base; Tri-City 6 - Brooklyn 2
BOTTOM OF THE 9TH
Brooklyn Cyclones batting - Pitching for Tri-City Dust Devils : RHP Cal Abbott
Batting: RHB Victor Reyes 0-0: Fly out, F9 (Flyball, 9, EV 81.9 MPH)
Batting: SHB Ryan Brown 0-0: Called Strike
0-1: Swinging Strike
0-2: Ball
1-2: Ball
2-2: Strikes out swinging
Batting: RHB Roberto Delgado 0-0: Ground out 6-3 (Groundball, 6, EV 90.0 MPH)
Bottom of the 9th over - 0 runs, 0 hits, 0 errors, 0 left on base; Tri-City 6 - Brooklyn 2
Tuesday, March 28th , 2023 - OOTP Baseball 23.10 Build 110